[Event "*** Titled Tuesday Blitz"]
[Site "Chess.com"]
[Date "2020.05.19"]
[Round "4"]
[White "DarkAlekhine"]
[Black "OparinGrigoriy"]
[Result "1/2-1/2"]
[WhiteElo "2620"]
[BlackElo "2901"]
[TimeControl "180+1"]
[EndTime "12:41:49 PDT"]
[Termination "Game drawn by stalemate"]

1. Nf3 Nf6 2. g3 d5 3. Bg2 c5 4.
O-O g6 5. c4 Bg7 6. cxd5 Nxd5 7. Nc3 O-O 8. d3 Nxc3 9. bxc3 Nc6 10. Qc2 Bg4 11. Rb1 b6 12. h3 Bd7 13. e4 Qc7 14.
Rd1 Rac8 15. Qe2 e5 16. Nd2 Be6 17. Nf1 c4 18. Ne3 cxd3 19. Rxd3 Rfd8 20. Nd5 Bxd5 21. exd5 Na5 22. Bg5 f6 23. Be3 Nc4 24. Rbd1 Nxe3 25. Qxe3 Rd6 26. h4 f5 27. f3 Qc5 28. Qxc5 Rxc5 29.
g4 Kf7 30. Kf2 h5 31. g5 Ke7 32.
R1d2 Kd7 33. Bf1 Ra5 34. Be2 Kc7 35. Bd1 Bf8 36. Bb3 Rd7 37. Kg2 Bd6 38. Re2 Re7 39.
Rd1 b5 40. Rc1 Kb6 41. Rd1 Kc5 42. Rc1 Ra3 43. Rb1 a5 44. Reb2 Rb7 45. Kf2 Rb8 46. Kg2 a4 47. Bd1 Rxc3 48. Bxa4 bxa4 49. Rxb8 Bxb8 50.
Rxb8 Kxd5 51. Rg8 Rc6 52. Kf2 Kc4 53. Ke3 Kb4 54. Re8 Ka3 55. Rxe5 Kxa2 56. Rb5 a3 57.
Kd4 Re6 58. Kd5 Ra6 59. Ke5 Ka1 60. Rb4 a2 61. f4 Rc6 62. Rb5 Rc2 63. Rb6 Rc3 64. Kf6 Rb3 65. Rxb3 1/2-1/2

[Event "*** Titled Tuesday Blitz"]
[Site "Chess.com"]
[Date "2020.05.19"]
[Round "4"]
[White "grunbergmihai"]
[Black "Bubi6"]
[Result "1-0"]
[WhiteElo "2412"]
[BlackElo "2593"]
[TimeControl "180+1"]
[EndTime "12:41:49 PDT"]
[Termination "grunbergmihai won on time"]

1. Nf3 Nf6 2. c4 e6 3. g3 a6 4. Bg2 b5 5. b3 c5 6. O-O Bb7 7. Na3 Qb6 8. Bb2 Be7 9. d4 O-O 10.
Rc1 cxd4 11. Bxd4 Qd8 12. Nb1 Nc6 13. Bb2 bxc4 14. Rxc4 d5 15. Rc1 Ne4 16. Nbd2 Nxd2 17. Qxd2 Rc8 18. Rfd1 Bf6 19. Nd4 Nxd4 20. Bxd4 Rxc1 21.
Rxc1 e5 22. Bb2 Qd7 23. Rd1 d4 24. Bxb7 Qxb7 25. e3 Rd8 26. Qe2 h6 27. exd4 exd4 28. h4 a5 29. Rd3 Qd5 30. Qd1 Rd6 31. Kh2 h5 32. Qd2 g6 33. Qd1 Kg7 34. Qd2 Qe4 35. Kg1 Rd5 36. Qd1 Kg8 37. Rd2 Qe6 38. Kg2 Qd6 39. Qf3 Bg7 40. Qd3 Qc6 41. Kg1 Qd7 42.
Qc4 Qd6 43. Qd3 Qc6 44. Qc4 Rc5 45.
Qd3 Kh7 46. Qe2 Re5 47. Qd1 Qe6 48. Kg2 Re1 49. Qf3 Re4 50. a3 Qe5 51. b4 a4 52.
Qd3 Qd5 53. Qf3 Re5 54. Qxd5 Rxd5 55. Rd3 f5 56. Kf3 Bf6 57. Ke2 Kg7 58. b5 Kf7 59. b6 Rb5 60. Bxd4 Bxd4 61. Rxd4 Rb2+ 62. Kf3 Rb3+ 63. Kf4 1-0

[Event "*** Titled Tuesday Blitz"]
[Site "Chess.com"]
[Date "2020.05.19"]
[Round "4"]
[White "Hippotaner"]
[Black "tgpgoat"]
[Result "1-0"]
[WhiteElo "2313"]
[BlackElo "2045"]
[TimeControl "180+1"]
[EndTime "12:41:49 PDT"]
[Termination "Hippotaner won by checkmate"]

1. c4 e5 2. Nc3 Nf6 3. g3 d5 4. cxd5 Nxd5 5. Bg2 Be6 6. d3 Nc6 7. Nf3 f6 8. O-O Be7 9. a3 O-O 10. Ne4 Kh8 11. b4 Nb6 12. Bb2 a5 13. b5 Na7 14.
a4 Nd5 15. Rc1 b6 16. Nfd2 Nc8 17. Nc4 Rb8 18. e3 Nb4 19. d4 exd4 20. Qxd4 Qxd4 21. Bxd4 Rd8 22. Ncd2 Rd7 23. f4 Nd6 24. Nxd6 Bxd6 25. f5 Bf7 26. Ne4 Bf8 27. g4 Re8 28. g5 Bd5 29.
Ng3 Bxg2 30. Kxg2 fxg5 31. f6 gxf6 32. Nh5 Bg7 33. Nxg7 Kxg7 34. Bxf6+ Kg6 35. Bd4 h6 36. Rf6+ Kh7 37. Rcf1 Ree7 38. Rf8 Kg6 39. R1f6+ Kh5 40. Rh8 Rh7 41. Rhf8 Nd5 42. Rf3 Rhe7 43. Rg8 Re6 44.
Rh3+ Kg4 45. Rg3+ Kh5 46. Rh3+ Kg4 47. Rf8 Nf4+ 48. exf4 Rxd4 49. Rg3+ Kh5 50. f5 Ree4 51. f6 Rf4 52. f7 Kg6 53. Rc8 Rxf7 54. Rf3 Rd2+ 55.
Kg3 Rxf3+ 56. Kxf3 Rd7 57. Ke4 h5 58. Rg8+ Rg7 59.
Re8 h4 60. Re6+ Kh5 61. Rf6 h3 62. Kf5 Kh4 63. Rh6# 1-0

[Event "*** Titled Tuesday Blitz"]
[Site "Chess.com"]
[Date "2020.05.19"]
[Round "4"]
[White "ZarinaShafigullina"]
[Black "FMOlexandrProhorov"]
[Result "1-0"]
[WhiteElo "2332"]
[BlackElo "2112"]
[TimeControl "180+1"]
[EndTime "12:41:49 PDT"]
[Termination "ZarinaShafigullina won by resignation"]

1. d4 g6 2. Nf3 Bg7 3. g3 f5 4. Bg2 Nf6 5. O-O O-O 6. c4 d6 7.
Nc3 Qe8 8. Nd5 Nxd5 9. cxd5 Qf7 10. Ng5 Qe8 11. Qb3 h6 12. Ne6 Bxe6 13. Qxb7 Nd7 14. dxe6 Nb6 15. a4 Rb8 16. Qxa7 Bxd4 17. a5 Kg7 18. axb6 Bxb6 19. Qa4 Qc8 20. Qc4 Rf6 21. Bd5 Bc5 22. Qc2 c6 23. Ba2 Rf8 24. Bd2 Qb7 25. Bc3+ Kh7 26. Bc4 d5 27. Bd3 Bd6 28. Ra2 c5 29. e3 c4 30. Be2 Qc8 31. Rd1 Qxe6 32. Qd2 Rb5 33. Ra5 Rxa5 34. Bxa5 Qf6 35. Bc3 Be5 36.
Bxe5 Qxe5 37. Qxd5 Qxb2 38. Bxc4 Qc2 39. Rd2 Qc1+ 40.
Kg2 Qc3 41. Rd3 Qf6 42. Qe6 Qxe6 43. Bxe6 Kg7 44. Bd5 Kf6 45. f4 Rb8 46. Kf3 Rb1 47. Rd2 Rf1+ 48. Rf2 Rd1 49. Bc4 e5 50. fxe5+ Kxe5 51. Be2 Ra1 52. h3 g5 53. g4 f4 54. exf4+ gxf4 55. Kg2 Ra3 56. Bf3 Re3 57. Re2 Kd4 58. Rxe3 fxe3 59. Kg3 Kd3 60. h4 Kd4 61. Kf4 Kd3 62.
g5 hxg5+ 63. hxg5 1-0

[Event "*** Titled Tuesday Blitz"]
[Site "Chess.com"]
[Date "2020.05.19"]
[Round "4"]
[White "Love_craft"]
[Black "Cambek64"]
[Result "0-1"]
[WhiteElo "2519"]
[BlackElo "2338"]
[TimeControl "180+1"]
[EndTime "12:41:51 PDT"]
[Termination "Cambek64 won by checkmate"]

1. Nf3 d5 2. g3 Nf6 3. Bg2 c6 4. O-O g6 5. d3 Bg7 6. Nbd2 O-O 7. e4 Nbd7 8. e5 Ne8 9. d4 f6 10. Qe2 fxe5 11. Nxe5 Nxe5 12. dxe5 Nc7 13. f4 Bf5 14. c3 Qd7 15. Nb3 b6 16. Be3 Rad8 17. Rad1 Bg4 18. Bf3 Bxf3 19. Rxf3 c5 20. Bf2 Qf5 21.
Re3 Ne6 22. Qf3 g5 23. Rxd5 Rxd5 24. Qxd5 gxf4 25. gxf4 Kh8 26. Qe4 Qg4+ 27. Bg3 Nxf4 28. Re1 Nh3+ 29. Kh1 Qxe4+ 30. Rxe4 Nf2+ 31. Bxf2 Rxf2 32. Ra4 a5 33. e6 Rxb2 34. Rf4 Bf6 35. Rg4 Re2 36. Rg3 Rxe6 37. c4 Re2 38. a4 Ra2 39. Rh3 Rxa4 40. Nd2 Ra1+ 41. Kg2 Ra2 42. Rd3 Bg5 43.
Rd8+ Kg7 44. Kf3 Rxd2 45. Rb8 Rd4 46. Kg3 Bf4+ 47. Kf3 Bxb8 48. h4 a4 49. h5 a3 50.
h6+ Kxh6 51. Ke2 a2 52. Ke3 a1=Q 53. Kf2 Qc3 54. Kg1 Rd1+ 55. Kg2 Rd2+ 56. Kh1 Qc1# 0-1

[Event "*** Titled Tuesday Blitz"]
[Site "Chess.com"]
[Date "2020.05.19"]
[Round "4"]
[White "Agent-JL"]
[Black "vpsetter"]
[Result "0-1"]
[WhiteElo "2483"]
[BlackElo "2670"]
[TimeControl "180+1"]
[EndTime "12:41:53 PDT"]
[Termination "vpsetter won on time"]

1. Nf3 Nf6 2. b3 d5 3. Bb2 g6 4. c4 dxc4 5. bxc4 Bg7 6. g3 O-O 7. Bg2 c5 8. O-O Nc6 9. d3 Ne8 10. Bxg7 Nxg7 11. Nc3 Ne6 12. a3 Ned4 13. e3 Nxf3+ 14.
Bxf3 Ne5 15. Be2 Bh3 16. Re1 Rc8 17. f4 Nc6 18. Qc2 e5 19. Bf3 exf4 20. gxf4 Re8 21.
Rab1 b6 22. Nd5 Be6 23. Qb2 Bxd5 24. cxd5 Ne7 25. e4 Qd7 26. Qf6 Rcd8 27. h3 Qxh3 28.
Re3 Qh6 29. d6 Nc6 30. e5 Nd4 31. Bd5 Qg7 32. Qh4 Nf5 33. Qh3 Nxe3 34. Qxe3 Rxd6 35. Qf3 Rdd8 36. a4 Re7 37. a5 bxa5 38. Rb5 Red7 39.
Rxc5 a4 40. Ra5 a3 41. Bc4 Qf8 42. Qc6 Qb4 43. Ra4 Qe1+ 44. Kg2 Qd2+ 45. Kg1 Qe3+ 46. Kg2 Qxf4 47. e6 Qg5+ 48. Kh1 Rd4 49. exf7+ Kg7 50.
f8=Q+ Rxf8 51. Qc7+ Kh8 52. Qg3 Qxg3 53. Bd5 Rh4+ 54.
Rxh4 Qxh4+ 55. Kg1 Qg3+ 56. Bg2 Rf2 0-1

[Event "*** Titled Tuesday Blitz"]
[Site "Chess.com"]
[Date "2020.05.19"]
[Round "4"]
[White "Radzio1987"]
[Black "dretch"]
[Result "1-0"]
[WhiteElo "2906"]
[BlackElo "2711"]
[TimeControl "180+1"]
[EndTime "12:41:54 PDT"]
[Termination "Radzio1987 won on time"]

1. c4 c6 2. Nc3 d5 3. d4 Nf6 4. e3 Nbd7 5. Nf3 e6 6. Qc2 b6 7.
cxd5 exd5 8. Bd3 Bb7 9. O-O Be7 10. b3 O-O 11. Bb2 Rc8 12. Ne5 c5 13. Nxd7 Nxd7 14.
Bxh7+ Kh8 15. Bf5 cxd4 16. Qd1 Kg8 17. Qxd4 Bf6 18. Qd2 Re8 19. Rad1 Re5 20. Bh3 Rh5 21. Ne2 Rxh3 22. gxh3 Ba6 23. Rfe1 Bxb2 24. Qxb2 Qg5+ 25.
Ng3 Re8 26. Qd4 Ne5 27. Kg2 Qg6 28. h4 Nd3 29. Rxd3 Bxd3 30. h5 Qh7 31. Rc1 Be4+ 32.
f3 Bf5 33. Rc7 Be6 34. Rc1 Qh6 35. Qf4 Qh7 36. Qg5 Kh8 37. Rf1 f6 38. Qg6 Rc8 39.
Qxh7+ Kxh7 40. Rf2 Rc3 41. Re2 Rd3 42. Kf2 Bf7 43.
Rc2 Rd1 44. Ke2 Ra1 45. Rd2 Be6 46. a4 Kh6 47. Rc2 Rb1 48. Rc3 d4 49. exd4 Bxb3 50. Rc7 Rb2+ 51. Ke3 Rxh2 52. Kf4 Kh7 53. Nf5 Rxh5 54.
Rxg7+ Kh8 55. Rxa7 Bc2 56. Ng3 Rh4+ 57. Ke3 Rh3 58. Ne2 Bd1 59. d5 Bxe2 60. Kxe2 Rh5 61. Rd7 Re5+ 62. Kd3 Kg8 63. Kd4 Kf8 64. Rb7 Rf5 65.
Rxb6 Rxf3 66. a5 Ke7 67. Re6+ Kd7 68. a6 f5 69. Ke5 1-0

[Event "*** Titled Tuesday Blitz"]
[Site "Chess.com"]
[Date "2020.05.19"]
[Round "4"]
[White "albano87"]
[Black "fodorpoti"]
[Result "1/2-1/2"]
[WhiteElo "2349"]
[BlackElo "2762"]
[TimeControl "180+1"]
[EndTime "12:41:54 PDT"]
[Termination "Game drawn by stalemate"]

1. d4 d5 2. Nf3 Nf6 3. g3 c6 4.
Bg2 Bf5 5. O-O h6 6. c4 e6 7. Nc3 Nbd7 8. Ne5 Be7 9. Qb3 Qb6 10. Nxd7 Nxd7 11. e4 dxe4 12. Nxe4 O-O 13. Be3 Qxb3 14.
axb3 a6 15. Rac1 Rfd8 16. Rfd1 Bg4 17. f3 Bf5 18. Kf2 Nf6 19. Nc5 Bxc5 20. dxc5 Kf8 21. Rd6 Ne8 22. Rxd8 Rxd8 23. Bf4 f6 24. g4 Bg6 25.
Bf1 e5 26. Be3 Nc7 27. Be2 Ne6 28. Rd1 Bc2 29. Rxd8+ Nxd8 30. b4 Ke7 31. f4 Ne6 32.
fxe5 fxe5 33. Bd2 g5 34. Bc3 Kf6 35. Ke3 Nf4 36. Bf3 Bd3 37. b3 Ke6 38. Be4 Be2 39. Bf5+ Kf6 40. Be4 Bxg4 41. b5 Bd7 42. b6 Bc8 43. b4 Ne6 44. Bf3 Ng7 45. b5 axb5 46. cxb5 cxb5 47. c6 bxc6 48. Bxc6 Nf5+ 49. Ke4 Nd6+ 50.
Kd5 Nc4 51. b7 Bxb7 52. Bxb7 Kf5 53. Ba6 Ne3+ 54. Kc5 Ng4 55. h3 Nf2 56. Bxb5 Kf4 57. Bd7 Ne4+ 58. Kc4 h5 59. Be1 h4 60. Bg4 Nd6+ 61.
Kd5 Nf5 62. Bd2+ Ne3+ 63. Bxe3+ Kxe3 64. Kxe5 Kd3 65. Kf5 Kd4 66. Kxg5 Ke5 67. Kg6 Kd6 68. Bf5 Ke7 69. Kh5 Kf6 70. Be4 Kg7 71. Kxh4 Kh8 72.
Kg5 Kg8 73. h4 Kh8 74. h5 Kg8 75. h6 Kh8 76. Kh5 Kg8 77. h7+ Kh8 78. Kg6 1/2-1/2

[Event "*** Titled Tuesday Blitz"]
[Site "Chess.com"]
[Date "2020.05.19"]
[Round "4"]
[White "DonBroca"]
[Black "XiaoKangZhong"]
[Result "1/2-1/2"]
[WhiteElo "2189"]
[BlackElo "2411"]
[TimeControl "180+1"]
[EndTime "12:41:55 PDT"]
[Termination "Game drawn by repetition"]

1. e4 c6 2. d4 d5 3. Nc3 dxe4 4. Nxe4 Nf6 5. Qd3 Qd5 6. Nxf6+ exf6 7. c4 Qe6+ 8. Be2 Bd6 9. Nf3 O-O 10. O-O Nd7 11.
Bd2 c5 12. Bc3 b6 13. d5 Qe7 14. Rfe1 Re8 15. Bf1 Ne5 16. Nxe5 fxe5 17. g3 Bd7 18. Bg2 f5 19. f3 Qf7 20. Re2 Rab8 21. Rae1 b5 22. b3 bxc4 23. bxc4 Qe7 24. Kh1 Qf6 25. Qc2 f4 26. Qc1 Qh6 27. gxf4 exf4 28. Rxe8+ Rxe8 29. Rxe8+ Bxe8 30. Qe1 Bd7 31. Be5 Kf7 32. Bxd6 Qxd6 33.
Qe4 Qf6 34. Bf1 h6 35. Bd3 Bh3 36. Kg1 Qg5+ 37. Kf2 Qg2+ 38. Ke1 Qg1+ 39. Kd2 Qxh2+ 40. Kc1 Qg1+ 41. Kb2 Qd4+ 42. Qxd4 cxd4 43. c5 Ke7 44. Kb3 Bg2 45. Be4 Bf1 46. Kc2 Kd7 47. Bd3 Bg2 48.
Be2 g5 49. Kd3 h5 50. Kxd4 Bh3 51. Ke5 Ke7 52. d6+ Kf7 53. c6 g4 54. c7 g3 55.
Bc4+ Kg7 56. Be6 Bxe6 57. Kxe6 g2 58. c8=Q g1=Q 59. Qd7+ Kh6 60. Qf7 Qe1+ 61. Kd7 Qa5 62. Qe6+ Kh7 63. Ke7 Qc5 64. Qf7+ Kh6 65. Qf6+ Kh7 66.
Qe6 h4 67. Qf7+ Kh6 68. Qf6+ Kh5 69. Qf7+ Kh6 70. Qf6+ Kh5 71. Qh8+ Kg5 72. Qg7+ Kh5 73. Qh7+ Kg5 74. Qg8+ Kh5 75. Qe6 Qg5+ 76. Qf6 Qc5 1/2-1/2

[Event "*** Titled Tuesday Blitz"]
[Site "Chess.com"]
[Date "2020.05.19"]
[Round "4"]
[White "cukus"]
[Black "bascheyaro"]
[Result "1-0"]
[WhiteElo "2499"]
[BlackElo "2691"]
[TimeControl "180+1"]
[EndTime "12:41:56 PDT"]
[Termination "cukus won by checkmate"]

1. e4 e6 2. d4 d5 3. Nc3 Bb4 4. e5 Ne7 5. a3 Bxc3+ 6. bxc3 b6 7. Qg4 Kf8 8. h4 Ba6 9. Bxa6 Nxa6 10. h5 h6 11. Rh3 c5 12. Rf3 Qc8 13. Ne2 Nb8 14. Qf4 Qe8 15. a4 Kg8 16. a5 bxa5 17. Ba3 cxd4 18. cxd4 Nbc6 19. Rb1 Nb4 20. Kd2 g5 21.
hxg6 Nxg6 22. Qf6 Rh7 23. c3 Nc6 24. Bd6 Qd8 25. Rb7 Qxf6 26. Rxf6 a4 27. Kc2 Na5 28. Rb4 a3 29. Ra4 Nc4 30. Bxa3 Nxa3+ 31. Rxa3 Kg7 32.
Ra6 Rhh8 33. f4 Ne7 34. Ng3 h5 35. f5 Ng8 36. fxe6 Nxf6 37. Nf5+ Kg6 38. Ne7+ Kg5 39. exf6 Kxf6 40. Nxd5+ Kg7 41. e7 Rae8 42. Rxa7 h4 43.
c4 Rh5 44. Rd7 f6 45. c5 Rg5 46. c6 Rxg2+ 47. Kd3 h3 48. Rd8 Rxe7 49. Nxe7 h2 50. Rg8+ Kf7 51. Rh8 Kxe7 52. c7 h1=Q 53. Rxh1 Kd7 54.
Rc1 Kc8 55. d5 Rg4 56. d6 Rg8 57. Kd4 Kd7 58. Kd5 Rg5+ 59. Kd4 Rg8 60. Kc5 f5 61. Re1 f4 62. Re7+ Kc8 63. Kc6 f3 64. d7# 1-0

[Event "*** Titled Tuesday Blitz"]
[Site "Chess.com"]
[Date "2020.05.19"]
[Round "4"]
[White "petrkostenko"]
[Black "ChessWarrior7197"]
[Result "1/2-1/2"]
[WhiteElo "2543"]
[BlackElo "2914"]
[TimeControl "180+1"]
[EndTime "12:41:56 PDT"]
[Termination "Game drawn - insufficient material"]

1. e4 c5 2. Nf3 d6 3. Bb5+ Bd7 4. Bxd7+ Nxd7 5. O-O Ngf6 6. d3 g6 7. Ng5 Bg7 8. f4 O-O 9. Nd2 b5 10. Qe2 Nb8 11.
a3 Nc6 12. c3 a5 13. e5 Ne8 14.
e6 f6 15. Nf7 Qc8 16. f5 gxf5 17. Nf3 Nc7 18. Nh6+ Bxh6 19. Bxh6 Qxe6 20. Qf2 Qf7 21.
Nh4 Kh8 22. Bxf8 Rxf8 23. Nxf5 Ne8 24. Rae1 Ne5 25. Qe2 e6 26. Ng3 c4 27. d4 Nd3 28.
Qxe6 Nxe1 29. Qxf7 Rxf7 30. Rxe1 Nc7 31. Kf2 Rd7 32.
Nf5 Kg8 33. Re4 Kf7 34. Rh4 Ke6 35. Ne3 Rf7 36. Kf3 f5 37. Kf4 Kd7 38. Nxf5 Nd5+ 39.
Kg5 b4 40. axb4 axb4 41. Rh6 bxc3 42. bxc3 Nxc3 43. Rxd6+ Kc7 44. Ra6 Nb5 45. Ra4 c3 46. g4 Kb6 47. Rc4 Rc7 48. Rxc7 Kxc7 49. Ne3 Nxd4 50.
Nd5+ Kd6 51. Nxc3 Nf3+ 52. Kh6 Nxh2 53. g5 Nf3 54. Ne4+ Ke5 55. Kxh7 Nxg5+ 1/2-1/2

[Event "*** Titled Tuesday Blitz"]
[Site "Chess.com"]
[Date "2020.05.19"]
[Round "4"]
[White "guillembaches"]
[Black "tan275"]
[Result "1/2-1/2"]
[WhiteElo "2401"]
[BlackElo "2183"]
[TimeControl "180+1"]
[EndTime "12:41:57 PDT"]
[Termination "Game drawn by repetition"]

1. e4 c5 2. Nf3 Nc6 3. d4 cxd4 4.
Nxd4 g6 5. c4 Bg7 6. Nc2 Nf6 7.
Nc3 d6 8. Be2 O-O 9. O-O a6 10.
Be3 Be6 11. f3 Rc8 12. Qd2 Na5 13. b3 b5 14. cxb5 Rxc3 15. Qxc3 Nd5 16. Qd2 Bc3 17. Qd3 Nxe3 18. Nxe3 Bxa1 19. Rxa1 axb5 20. Qxb5 Qc7 21. Nd5 Bxd5 22. Qxd5 Qc3 23. Rd1 Rc8 24. Qd2 Qc5+ 25.
Kh1 Qa3 26. h3 Nb7 27. Bc4 Na5 28. Be2 Nb7 29. Bc4 Na5 30. Bb5 Rc5 31. Be2 Nb7 32.
f4 Ra5 33. f5 Qxa2 34. Qe3 Nc5 35. Bc4 Ra3 36. Rf1 e6 37. fxg6 hxg6 38. Qf4 Ra7 39. Qxd6 Nxe4 40. Qf4 Nd2 41. Rf2 Qa1+ 42. Kh2 Nxc4 43.
bxc4 Qc3 44. Rf3 Qa5 45. Rd3 Kg7 46. Qd4+ e5 47. Qd6 Rc7 48. Rf3 Qc5 49. Qf6+ Kg8 50.
Rd3 Rc8 51. Rd5 Qf8 52. Rxe5 Rxc4 53. Re7 Rc8 54. Re5 Rd8 55. Re4 Re8 56. Rh4 Qg7 57. Qxg7+ Kxg7 58. Rf4 Re6 59. Rf2 Ra6 60. Kg3 Rb6 61.
Rf3 Rb4 62. Re3 Rb5 63. Rf3 Rb4 64. Re3 Rb5 65. Rf3 Rb4 1/2-1/2

[Event "*** Titled Tuesday Blitz"]
[Site "Chess.com"]
[Date "2020.05.19"]
[Round "4"]
[White "FGHSMN"]
[Black "TheBigBoss04"]
[Result "0-1"]
[WhiteElo "2508"]
[BlackElo "2760"]
[TimeControl "180+1"]
[EndTime "12:41:59 PDT"]
[Termination "TheBigBoss04 won on time"]

1. e4 c5 2. Nf3 Nc6 3. d4 cxd4 4. Nxd4 Qb6 5. Nb3 Nf6 6. Nc3 e6 7. Be3 Qc7 8. Bd3 a6 9. O-O d6 10. f4 Be7 11. a3 b5 12. Qf3 Rb8 13. Rae1 O-O 14. Qg3 b4 15. axb4 Nxb4 16. Bd4 Nxd3 17. Qxd3 e5 18. Be3 Be6 19. fxe5 dxe5 20. Nd5 Bxd5 21. exd5 e4 22. Qd2 Rfd8 23. Bf4 Bd6 24. Nd4 Bxf4 25. Qxf4 Qxf4 26. Rxf4 Rxd5 27. Nc6 Re8 28.
b4 Rd2 29. Rf2 Rd6 30. Na5 h6 31. Rfe2 Rb8 32. c3 Rc8 33. c4 Rd4 34. Rb2 Ng4 35. c5 Ne5 36. Rf1 Nd3 37. Re2 Rxb4 38. c6 Rb5 39.
Nc4 Rxc6 40. Rxe4 Rbc5 41. Re8+ Kh7 42. Ne3 Re5 43. Rxe5 Nxe5 44. Ra1 f6 45. Nd5 Rc5 46. Nb4 a5 47. Na6 Rb5 48. Nc7 Rb7 49. Ne6 Nc4 50. Nc5 Rc7 51. Nb3 Rb7 52. Nxa5 Ra7 53. Nb3 Rb7 54.
Nd4 Rb2 55. Re1 Ne5 56. Nf5 Kg6 57. Ne3 h5 58. Rf1 h4 59. h3 Kh5 60. Rf5+ Kg6 61. Rf4 Re2 62. Ng4 Kg5 63. Rb4 Nd3 64. Rd4 Nf4 0-1

[Event "*** Titled Tuesday Blitz"]
[Site "Chess.com"]
[Date "2020.05.19"]
[Round "4"]
[White "okriak"]
[Black "Slovak_fighter2000"]
[Result "1/2-1/2"]
[WhiteElo "2768"]
[BlackElo "2539"]
[TimeControl "180+1"]
[EndTime "12:42:00 PDT"]
[Termination "Game drawn by repetition"]

1. Nf3 d5 2. c4 e6 3. e3 Nf6 4. b3 c6 5. Bb2 Nbd7 6. Nc3 Bd6 7. d4 O-O 8. Bd3 e5 9. cxd5 cxd5 10. dxe5 Nxe5 11.
Be2 Be6 12. O-O a6 13. Rc1 Nxf3+ 14. Bxf3 Rc8 15. Nxd5 Nxd5 16. Rxc8 Qxc8 17. Bxd5 Rd8 18. e4 Bxd5 19. exd5 Qf5 20. Qd4 f6 21. Qc4 h5 22. Rd1 Re8 23. g3 Qf3 24. Rf1 Qf5 25. Kg2 Rc8 26. Qd4 Be5 27. Qd2 Bxb2 28. Qxb2 Qxd5+ 29. Kg1 Qe4 30. Qd2 Kh7 31. Re1 Qf5 32. Qd4 Rc2 33. a4 b5 34. axb5 axb5 35. h4 Kg6 36.
Kg2 Kh7 37. Re7 Kg6 38. Rd7 Rc5 39. Rd6 Qe5 40. Qd3+ Qf5 41. Qe3 Qe5 42. Qd3+ Qf5 43. Qe2 Rd5 44. Rb6 Re5 45. Qf3 Qxf3+ 46. Kxf3 Rc5 47.
Ke4 Re5+ 48. Kf4 Kf7 49. f3 Kg6 50. Rb7 Rc5 51. g4 hxg4 52. fxg4 Rd5 53. h5+ Kh7 54. Ke4 Rc5 55. Kd4 Rg5 56. Kc3 Kh6 57. Kb4 Rxg4+ 58. Kxb5 Rg5+ 59. Kc6 Rxh5 60. b4 Rh2 61. b5 Rc2+ 62. Kd6 Rb2 63. b6 Kg6 64. Rb8 f5 65. Kc7 Kg5 66. Rf8 Rc2+ 67. Kd6 Rb2 68. Kc7 Rc2+ 69. Kd6 Rb2 70. Kc7 1/2-1/2

[Event "*** Titled Tuesday Blitz"]
[Site "Chess.com"]
[Date "2020.05.19"]
[Round "4"]
[White "Moon_stone123"]
[Black "Anton_Demchenko"]
[Result "0-1"]
[WhiteElo "2520"]
[BlackElo "2831"]
[TimeControl "180+1"]
[EndTime "12:42:00 PDT"]
[Termination "Anton_Demchenko won on time"]

1. e4 e5 2. Nf3 Nc6 3. Bb5 a6 4. Ba4 Nge7 5. c3 d6 6. O-O Bd7 7. h3 Ng6 8. d4 Be7 9. Re1 O-O 10.
Nbd2 Qe8 11. Bc2 Kh8 12. Nf1 f5 13. exf5 Bxf5 14. Bxf5 Rxf5 15. Ng3 Rf8 16. dxe5 Ncxe5 17. Nxe5 Nxe5 18. Be3 Qg6 19. Qb1 Qf7 20. Qe4 Nc6 21. b3 Rae8 22. Qc2 Bh4 23. Nf1 Rxe3 24. fxe3 Bf2+ 25. Kh1 Bxe1 26. Rxe1 Ne5 27. Ng3 Qd5 28. Qe2 g6 29. e4 Qc5 30. Rf1 Rxf1+ 31. Qxf1 Kg7 32. c4 Qe3 33. Kh2 h5 34. Qe2 Qf4 35. Qf1 Qg5 36. Qf2 b6 37. Nf1 Nd7 38. Ne3 Qe5+ 39. Kg1 Qxe4 40. Nd5 c5 41. Qb2+ Kf7 42. Qf2+ Qf5 43. Qd2 Kg7 44. Ne3 Qe5 45. Nd5 b5 46. Qf2 Nf6 47. Ne3 Ne4 48. Qf3 Qd4 49. Kh2 Qe5+ 50. Kg1 Nf6 51. Qb7+ Kh6 52. Qf3 b4 53. Kh1 Kg7 54. Kg1 Kf7 55. Qb7+ Qe7 56. Qf3 Qe4 57. Qf2 Kg7 58. Kh1 a5 59. Qd2 Qb1+ 60.
Kh2 Qe4 61. Kg1 Qe5 62. Kh1 Ne4 63. Qe1 Ng3+ 64. Kg1 Ne4 65. Qe2 Nc3 66. Qd3 Nxa2 67. Nd5 Nc3 0-1

[Event "*** Titled Tuesday Blitz"]
[Site "Chess.com"]
[Date "2020.05.19"]
[Round "4"]
[White "Klavdia_Nik"]
[Black "lelya96"]
[Result "0-1"]
[WhiteElo "2028"]
[BlackElo "2259"]
[TimeControl "180+1"]
[EndTime "12:42:00 PDT"]
[Termination "lelya96 won on time"]

1. Nf3 Nf6 2. c4 c6 3. b3 d5 4. Bb2 e6 5. g3 Be7 6. Bg2 O-O 7. O-O b6 8. d4 Bb7 9. Nc3 Nbd7 10. Qc2 Rc8 11. Rad1 Qc7 12. e4 dxe4 13. Nxe4 Nxe4 14. Qxe4 Nf6 15. Qe2 Rfd8 16. Ne5 Bf8 17. h3 c5 18. Bxb7 Qxb7 19. Kh2 Qe4 20. Qxe4 Nxe4 21. f3 Nf6 22. Kg2 cxd4 23. Bxd4 h6 24. Rfe1 Bb4 25. Re3 Nd7 26. f4 Nxe5 27. fxe5 Bc5 28. Red3 Rd7 29. Bxc5 Rxd3 30.
Rxd3 Rxc5 31. Rd8+ Kh7 32. Rd7 a5 33. Rxf7 Rxe5 34.
Kf3 b5 35. cxb5 Rxb5 36. Ra7 Kg6 37. g4 Rc5 38. h4 h5 39. g5 Rd5 40. Re7 Kf5 41.
Rxg7 Rd3+ 42. Kg2 Rd2+ 43. Kf3 Rxa2 44. Rb7 Rh2 45. Rb5+ Kg6 46. Rxa5 Rxh4 47. Re5 Rh3+ 48. Kg2 Rxb3 49. Rxe6+ Kxg5 50. Re5+ Kg4 51. Re4+ Kf5 52. Re8 Rb2+ 53. Kh3 Rb3+ 54. Kh4 Rb1 55. Rf8+ Kg6 56. Rg8+ Kh6 57. Rg2 Rb4+ 58. Kh3 Rc4 59. Rg3 Rd4 60.
Rf3 h4 0-1

[Event "*** Titled Tuesday Blitz"]
[Site "Chess.com"]
[Date "2020.05.19"]
[Round "4"]
[White "Jospem"]
[Black "DivyaDeshmukh23"]
[Result "1-0"]
[WhiteElo "2810"]
[BlackElo "2459"]
[TimeControl "180+1"]
[EndTime "12:42:01 PDT"]
[Termination "Jospem won by resignation"]

1. c4 e5 2. Nf3 Nc6 3. Nc3 Nf6 4. a3 e4 5. Ng5 Qe7 6. d3 exd3 7. e3 g6 8. Bxd3 Bg7 9. O-O O-O 10. Nf3 d6 11. h3 Be6 12. e4 Ne5 13. Nxe5 dxe5 14. Be2 Rfd8 15. Qc2 c6 16. Be3 Ne8 17. c5 f5 18.
f3 f4 19. Bf2 Nc7 20. Rfd1 h5 21. b4 Bf6 22. Rxd8+ Rxd8 23. Rd1 Bh4 24. Rxd8+ Qxd8 25. Bxh4 Qxh4 26. Qd2 Ne8 27. a4 Kf7 28. Bf1 Qg3 29. Ne2 Qg5 30. Kh1 Qe7 31. Qc3 Bd7 32. Nc1 Nc7 33.
Nd3 Kf6 34. Nxf4 Be8 35. Nd3 g5 36. g3 Bg6 37. Kh2 g4 38. hxg4 hxg4 39. f4 Bxe4 40.
Qxe5+ Qxe5 41. Nxe5 Nd5 42. Nxg4+ Ke7 43. b5 Nc3 44.
bxc6 bxc6 45. a5 Na4 46. Nf2 Bc2 47. Bd3 Bb3 48. Ne4 Bd5 49. Bc2 Nb2 50. Nc3 Bf3 51.
Be4 Bxe4 52. Nxe4 Nc4 53. a6 Ke6 54. g4 Kd5 55. g5 Ne3 56. Ng3 Ng4+ 57. Kh3 Ne3 58.
g6 Ke6 59. f5+ Kf6 60. Nh5+ Kxf5 61. g7 1-0

[Event "*** Titled Tuesday Blitz"]
[Site "Chess.com"]
[Date "2020.05.19"]
[Round "4"]
[White "Igor_Lysyj"]
[Black "1g41-0"]
[Result "0-1"]
[WhiteElo "2778"]
[BlackElo "2530"]
[TimeControl "180+1"]
[EndTime "12:42:04 PDT"]
[Termination "1g41-0 won by resignation"]

1. d4 d5 2. c4 c6 3. Nf3 Nf6 4. g3 g6 5. Bg2 Bg7 6. b3 O-O 7. Bb2 Ne4 8. Kf1 dxc4 9. bxc4 c5 10. Nbd2 Nxd2+ 11. Qxd2 cxd4 12. Bxd4 Nc6 13. Bxg7 Kxg7 14. Qc3+ f6 15. h4 Bg4 16. h5 Bxh5 17. Qe3 Qb6 18.
c5 Qb2 19. Re1 Rh8 20. Rh4 Bxf3 21. Bxf3 Qe5 22. Qh6+ Kf7 23. Rb1 Rab8 24. Qc1 Qg5 25. Qc4+ Kg7 26. Kg2 h5 27. Re4 e5 28. Qe6 Rhe8 29. Qc4 Qf5 30. Re3 Qe6 31. Bd5 Qe7 32. Reb3 Na5 33. Qc3 Nxb3 34. axb3 Rec8 35. b4 Rd8 36. e4 Rbc8 37. Ra1 a6 38. Qc4 Qd7 39. Rb1 Qb5 40. Qa2 Qd7 41. Qa5 Qc7 42. Qa4 Rd7 43. b5 axb5 44. Rxb5 Re7 45. Qb4 Rb8 46. Rb6 Qd8 47.
c6 Rc7 48. cxb7 Qe7 49. Qb5 Qd7 50. Qa6 Qd8 51. Re6 Qd7 52. Rd6 Qe7 53. Qb6 Rcxb7 54. Bxb7 Qxb7 55. Qc5 Rf8 56. Qc4 Rf7 57. Rd5 Qe7 58.
Qd3 Kh7 59. Qf3 Rg7 60. Rd1 Qe6 61. Rh1 Rf7 62. g4 Kg7 63. gxh5 g5 64. h6+ Kh7 65.
Rd1 Kxh6 66. Rh1+ Kg7 67. Qh5 Kf8 68. Qh8+ Ke7 69. Rd1 Qg4+ 70. Kh2 Qxd1 71. Qc8 Qd7 72. Qc5+ Ke8 73. Qb6 Qe7 74. Kg3 Kf8 75. Qb8+ Kg7 0-1